[Event "Early-Titled-Tuesday-Blitz-April-23-2024"]
[Site "Chess.com"]
[Date "2024.04.23"]
[Round "5"]
[White "zverr1"]
[Black "NovozhilovSemen"]
[Result "0-1"]
[WhiteElo "2484"]
[BlackElo "2645"]
[TimeControl "180+1"]
[EndTime "8:57:38 PDT"]
[Termination "NovozhilovSemen won by checkmate"]

1. e4 c5 2. Nf3 Nc6 3. d4 cxd4 4. Nxd4 Nf6 5. Nc3 d6 6. Be2 e5 7. Nxc6 bxc6 8. Bg5 Be7 9. Bf3 Be6 10. O-O O-O 11. Qd2 h6 12. Bxf6 Bxf6 13. Na4 Qc7 14. b3 Rfd8 15. c4 Bg5 16. Qd3 g6 17. Rfd1 f5 18. Qc2 f4 19. c5 Be7 20. cxd6 Rxd6 21. Rxd6 Bxd6 22. Be2 Rd8 23. Rc1 Qf7 24. Bc4 Bxc4 25. Qxc4 Ba3 26. Qxf7+ Kxf7 27. Ra1 Rd2 28. h4 Rc2 29. f3 Ke6 30. Kh2 Be7 31. Kh3 Ba3 32. h5 gxh5 33. Rg1 Rxa2 34. Kh4 Be7+ 35.
Kxh5 c5 36. Nc3 Rb2 37. Nd5 Rxb3 38. Ra1 Bd6 39. Ra6 Rb2 40. Nc7+ Kd7 41. Nd5 Rxg2 42. Rxa7+ Ke6 43. Rh7 Rg3 44. Rxh6+ Kd7 45. Rh7+ Kc6 46.
Nc3 Rxf3 47. Nd5 Rh3+ 48. Kg6 Rxh7 49. Kxh7 f3 50. Kg6 f2 51. Ne3 c4 52. Kf5 c3 53. Kg4 c2 54. Kf3 c1=Q 55. Kxf2 Bc5 56. Ke2 Qxe3+ 57. Kd1 Bb4 58. Kc2 Qd2+ 59. Kb3 Kc5 60.
Ka4 Qa2# 0-1

[Event "Early-Titled-Tuesday-Blitz-April-23-2024"]
[Site "Chess.com"]
[Date "2024.04.23"]
[Round "5"]
[White "jinbojinbo"]
[Black "DuleMudule"]
[Result "1-0"]
[WhiteElo "2653"]
[BlackElo "2817"]
[TimeControl "180+1"]
[EndTime "8:57:39 PDT"]
[Termination "jinbojinbo won by checkmate"]

1. c4 e5 2. Nc3 Nc6 3. Nf3 g6 4.
g3 Bg7 5. Bg2 Nf6 6. O-O O-O 7.
d3 d6 8. Rb1 a5 9. a3 Re8 10. b4 axb4 11. axb4 Nd4 12. e3 Nxf3+ 13. Bxf3 c6 14. b5 d5 15. bxc6 bxc6 16. cxd5 cxd5 17. e4 Be6 18. Bg5 d4 19. Nd5 Bxd5 20. exd5 Qd6 21.
Bxf6 Bxf6 22. Rc1 Kg7 23. Rc6 Qa3 24. Qc2 h5 25. h4 Rab8 26. Rb1 Be7 27. Kg2 Bd6 28.
Rxb8 Rxb8 29. Qd2 Rb2 30. Rc2 Rb3 31. Be4 f5 32. Bxf5 gxf5 33. Qg5+ Kf7 34. Qxf5+ Kg7 35.
Qg5+ Kf7 36. Qxh5+ Kg7 37. Qg5+ Kf7 38. Rc8 Rb7 39.
Qg8+ Kf6 40. Qe6+ Kg7 41. Rg8+ Kh7 42. Qg6# 1-0

[Event "Early-Titled-Tuesday-Blitz-April-23-2024"]
[Site "Chess.com"]
[Date "2024.04.23"]
[Round "5"]
[White "WilsonPalencia21"]
[Black "ChessboArt"]
[Result "1-0"]
[WhiteElo "2548"]
[BlackElo "2318"]
[TimeControl "180+1"]
[EndTime "8:57:39 PDT"]
[Termination "WilsonPalencia21 won on time"]

1. d4 Nf6 2. c4 g6 3. Nf3 Bg7 4.
Nc3 d6 5. e4 O-O 6. Be2 e5 7.
O-O Nc6 8. d5 Ne7 9. Ne1 Ne8 10.
Nd3 f5 11. Bd2 Kh8 12. Rc1 Ng8 13. f3 Bh6 14. c5 Rf7 15. cxd6 cxd6 16. Bxh6 Nxh6 17.
Qd2 f4 18. g4 Ng8 19. a4 h5 20.
h3 Qh4 21. Rf2 Qxh3 22. Rh2 Qg3+ 23. Kh1 Bxg4 24. fxg4 f3 25. Rg1 Qxh2+ 26. Kxh2 fxe2 27. Qxe2 Nef6 28. gxh5 gxh5 29. Rg5 Nh6 30. Nf2 Raf8 31. Ncd1 Kh7 32. Ne3 Nxd5 33. Nf5 Nf4 34. Qf3 Nxf5 35.
exf5 Kh6 36. Nh3 Rxf5 37. Rxf5 Rxf5 38. Nxf4 Rxf4 39. Qd1 Rd4 40. Qc1+ Kg6 41. b3 b6 42. Qc7 Kf6 43. Qxa7 Rb4 44. Qc7 Rxb3 45. Qxd6+ Kf5 46. Qd5 1-0

[Event "Early-Titled-Tuesday-Blitz-April-23-2024"]
[Site "Chess.com"]
[Date "2024.04.23"]
[Round "5"]
[White "MVM2008"]
[Black "Evgeny81"]
[Result "1-0"]
[WhiteElo "2517"]
[BlackElo "2781"]
[TimeControl "180+1"]
[EndTime "8:57:40 PDT"]
[Termination "MVM2008 won on time"]

1. d4 c5 2. e3 g6 3. c3 Bg7 4. h4 Nf6 5. Bd3 d5 6. Nd2 Nc6 7. a3 e5 8. dxe5 Nxe5 9. Bc2 O-O 10. b4 Bg4 11. f3 Bf5 12. Bxf5 gxf5 13. Qc2 Qc8 14. bxc5 Qxc5 15. Nb3 Qc4 16. Ne2 Nd3+ 17. Kd2 Ne4+ 18. fxe4 dxe4 19. Nbd4 f4 20. exf4 Rfe8 21.
Ke3 Rad8 22. Rb1 Rxd4 23. Qb3 Qxb3 24. Rxb3 Rd7 25. Ng3 Nxc1 26. Rxc1 Rd3+ 27. Kf2 e3+ 28. Ke2 Rd2+ 29. Kf3 Rf2+ 30. Kg4 Rxg2 31. Re1 Rc2 32. Nf5 Bxc3 33. Rxe3 Rxe3 34. Nxe3 Rc1 35. Rxb7 h6 36. Rxa7 Bd4 37. Ra8+ Kh7 38. Nf5 Rg1+ 39. Kh5 1-0

[Event "Early-Titled-Tuesday-Blitz-April-23-2024"]
[Site "Chess.com"]
[Date "2024.04.23"]
[Round "5"]
[White "chess_sharparchitect"]
[Black "maracayo"]
[Result "1-0"]
[WhiteElo "2237"]
[BlackElo "2338"]
[TimeControl "180+1"]
[EndTime "8:57:41 PDT"]
[Termination "chess_sharparchitect won on time"]

1. c4 d6 2. Nc3 Nf6 3. e4 e5 4. Nf3 Be7 5. h3 O-O 6. d4 exd4 7.
Nxd4 Re8 8. Be2 c6 9. O-O Bf8 10. Bg5 h6 11. Bh4 Nbd7 12. f3 Qb6 13. b3 d5 14.
cxd5 cxd5 15. exd5 Qa5 16. Rc1 a6 17. Kh1 Nxd5 18.
Nxd5 Qxd5 19. Bc4 Qh5 20. Bg3 Ne5 21. Re1 Bxh3 22. gxh3 Qxh3+ 23. Bh2 Rad8 24. Bf1 Qh4 25. Re4 Qf2 26. Qe2 Qxe2 27. Nxe2 Nxf3 28. Bg3 Rxe4 29.
Nc3 Re3 30. Bg2 Nd2 31. Bf2 Re7 32. Bh4 g5 33. Bg3 Bg7 34. Nd5 Red7 35. Nb6 1-0

[Event "Early-Titled-Tuesday-Blitz-April-23-2024"]
[Site "Chess.com"]
[Date "2024.04.23"]
[Round "5"]
[White "Thebigsqueeze"]
[Black "SoCalJuniorChess"]
[Result "1-0"]
[WhiteElo "2314"]
[BlackElo "2137"]
[TimeControl "180+1"]
[EndTime "8:57:41 PDT"]
[Termination "Thebigsqueeze won by resignation"]

1. e4 d5 2. e5 c5 3. f4 Nc6 4. Nf3 Bg4 5. Be2 Bxf3 6. Bxf3 Nd4 7. c3 Nxf3+ 8. Qxf3 e6 9. Na3 c4 10. Nc2 Bc5 11.
d4 cxd3 12. Qxd3 Qb6 13. b4 Bf2+ 14. Ke2 Bh4 15. Be3 Qc7 16. Nd4 a6 17. a4 g6 18.
b5 Ne7 19. bxa6 bxa6 20. g3 g5 21. gxh4 gxh4 22. Rhg1 Ng6 23. Rab1 O-O 24. Nf3 Kh8 25. Rg4 Qe7 26. Bf2 h5 27. Bxh4 hxg4 28. Bxe7 gxf3+ 29. Qxf3 Nxe7 30. Qh5+ Kg7 31. Qg5+ Ng6 32. h4 Rh8 33. h5 Rxh5 34. Qf6+ Kg8 35. Rg1 Rf5 36.
Rxg6+ fxg6 37. Qxg6+ Kf8 38. Qxe6 Rf7 39. f5 Re8 40.
Qd6+ Kg7 41. f6+ Kg6 42. Kd3 Rh8 43. Qxd5 Rh3+ 44. Kc4 Rh4+ 45. Kb3 Rh5 46. Qe4+ Kh6 47. e6 Rxf6 48. e7 Rb6+ 49. Kc4 Ra5 50. Qe3+ Kg7 51. Qxb6 1-0

[Event "Early-Titled-Tuesday-Blitz-April-23-2024"]
[Site "Chess.com"]
[Date "2024.04.23"]
[Round "5"]
[White "Sadykov_Ramil"]
[Black "BashirliSaadat"]
[Result "0-1"]
[WhiteElo "2625"]
[BlackElo "2398"]
[TimeControl "180+1"]
[EndTime "8:57:43 PDT"]
[Termination "BashirliSaadat won on time"]

1. a3 d5 2. e3 Nf6 3. Nf3 c6 4. b4 Bg4 5. Bb2 Nbd7 6. Be2 e6 7. h3 Bh5 8. g4 Bg6 9. Nh4 e5 10. d3 Bd6 11. Nd2 a5 12. c3 axb4 13. cxb4 O-O 14. Nxg6 fxg6 15. O-O Ne8 16. Bf3 Qc7 17. Bg2 Kh8 18.
Rc1 Nb6 19. Nb3 Qe7 20. Nc5 Bxc5 21. bxc5 Na4 22. Qb3 Nf6 23. Qb4 Rfb8 24. Ba1 Nd7 25. f4 exf4 26. exf4 Qe3+ 27. Kh1 Qxd3 28. f5 gxf5 29.
Rxf5 Ndxc5 30. Rf7 Ne6 31. Re1 c5 32. Qb1 Qxb1 33.
Rxb1 Rf8 34. Rxf8+ Rxf8 35. Bxd5 Nf4 36. Bxb7 Nxh3 37.
Bc6 Nf2+ 0-1

[Event "Early-Titled-Tuesday-Blitz-April-23-2024"]
[Site "Chess.com"]
[Date "2024.04.23"]
[Round "5"]
[White "Bilan_Danila"]
[Black "average_trans"]
[Result "1-0"]
[WhiteElo "2554"]
[BlackElo "2233"]
[TimeControl "180+1"]
[EndTime "8:57:44 PDT"]
[Termination "Bilan_Danila won on time"]

1. d4 d5 2. Nf3 e6 3. c4 Nf6 4. Nc3 c6 5. Bg5 Be7 6. e3 h6 7. Bh4 O-O 8. Bd3 Nbd7 9. O-O b6 10. cxd5 Nxd5 11. Bg3 Bb7 12. e4 N5f6 13. Qe2 c5 14. Rad1 cxd4 15. Nxd4 Bc5 16. Ba6 Bxa6 17. Qxa6 Nh5 18.
Nc6 Qc8 19. Qxc8 Rfxc8 20. Rxd7 Rxc6 21. Rfd1 a6 22. Rb7 Rf8 23. Be5 f6 24. Bb8 Rcc8 25.
Ba7 Rc6 26. Rdd7 Rfc8 27. g4 Nf4 28. Rxg7+ Kh8 29. Rh7+ Kg8 30. Rxh6 Bf8 31. Rxf6 Nh3+ 32. Kg2 Ng5 33. h4 Bg7 34. Rg6 1-0

[Event "Early-Titled-Tuesday-Blitz-April-23-2024"]
[Site "Chess.com"]
[Date "2024.04.23"]
[Round "5"]
[White "SlavenPastar"]
[Black "RedFirePanda"]
[Result "1-0"]
[WhiteElo "2629"]
[BlackElo "2469"]
[TimeControl "180+1"]
[EndTime "8:57:46 PDT"]
[Termination "SlavenPastar won on time"]

1. Nf3 d5 2. g3 Nf6 3. Bg2 c6 4. O-O Bf5 5. c4 e6 6. b3 h6 7.
Bb2 Bd6 8. d3 Nbd7 9. Nbd2 O-O 10. a3 Re8 11. b4 a5 12. c5 Bc7 13. Qb3 a4 14. Qc2 Bh7 15. e4 dxe4 16. dxe4 e5 17. Rad1 Qe7 18. Rfe1 Qe6 19. Nc4 Qg4 20. Nfd2 Qe6 21. h3 b6 22. cxb6 Nxb6 23. Nxb6 Bxb6 24. Nc4 Bc7 25. f3 Red8 26. Bf1 Nh5 27. Kh2 f5 28. Ne3 Kh8 29. exf5 Qf6 30. Qe4 Qg5 31. g4 Nf4 32. Nc4 Re8 33. Rd7 Rad8 34. Rxc7 Qh4 35. Qe3 Bg8 36. Nxe5 Bd5 37. Ng6+ Nxg6 38. Bxg7+ Kh7 39.
fxg6+ Kxg6 40. Bd3+ 1-0

[Event "Early-Titled-Tuesday-Blitz-April-23-2024"]
[Site "Chess.com"]
[Date "2024.04.23"]
[Round "5"]
[White "osielchesslover2011"]
[Black "Antosha_Chekhonte"]
[Result "0-1"]
[WhiteElo "2207"]
[BlackElo "2552"]
[TimeControl "180+1"]
[EndTime "8:57:46 PDT"]
[Termination "Antosha_Chekhonte won by resignation"]

1. e4 c6 2. d4 d5 3. Nc3 dxe4 4.
Nxe4 Nf6 5. Ng3 Bg4 6. Be2 Bxe2 7. N1xe2 e6 8. O-O c5 9. Be3 Ng4 10. Bf4 Nc6 11. c3 Be7 12. dxc5 Qxd1 13. Raxd1 Bxc5 14. Ne4 Be7 15. Nd6+ Bxd6 16. Bxd6 O-O-O 17. Bg3 e5 18. Nc1 f6 19. Nb3 b6 20. Nd2 h5 21. h3 Nh6 22. Ne4 Nf5 23. Bh2 h4 24. Rfe1 Rhe8 25. f3 Na5 26. Kf2 Nc4 27. b3 Nb2 28.
Rxd8+ Rxd8 29. Ke2 Kb7 30. Nf2 Ng3+ 31. Bxg3 hxg3 32.
Ne4 Nd3 33. Rd1 Nf4+ 34. Ke1 Nxg2+ 35. Ke2 Nf4+ 36. Ke1 Rxd1+ 37. Kxd1 g2 0-1

[Event "Early-Titled-Tuesday-Blitz-April-23-2024"]
[Site "Chess.com"]
[Date "2024.04.23"]
[Round "5"]
[White "RobertoJBM"]
[Black "LikeWater"]
[Result "0-1"]
[WhiteElo "2841"]
[BlackElo "2676"]
[TimeControl "180+1"]
[EndTime "8:57:47 PDT"]
[Termination "LikeWater won on time"]

1. d4 Nf6 2. Nf3 g6 3. e3 Bg7 4.
Be2 O-O 5. O-O d6 6. c4 c5 7. Nc3 cxd4 8. Nxd4 Nc6 9. b3 d5 10. Bb2 e5 11. Ndb5 d4 12. Nd5 a6 13. Nbc7 Rb8 14.
Nxf6+ Bxf6 15. Nd5 Bg7 16. exd4 Nxd4 17. Bxd4 exd4 18.
Bd3 b5 19. Re1 Bb7 20. Qf3 Kh8 21. Rad1 Rc8 22. h3 Rc5 23. Qf4 bxc4 24. bxc4 Bxd5 25. cxd5 Qxd5 26. Re2 Ra5 27. Qd2 Rc8 28. Rde1 Rac5 29. Qb2 Kg8 30. Qb1 a5 31. a4 Rc3 32. Bb5 d3 33. Rd2 Rd8 34. Red1 Rb3 35. Qc1 Bh6 36. Rxd3 Rxd3 37. Rxd3 Bxc1 38. Rxd5 Rxd5 0-1

[Event "Early-Titled-Tuesday-Blitz-April-23-2024"]
[Site "Chess.com"]
[Date "2024.04.23"]
[Round "5"]
[White "wqws"]
[Black "agustinv04"]
[Result "1-0"]
[WhiteElo "2714"]
[BlackElo "2484"]
[TimeControl "180+1"]
[EndTime "8:57:47 PDT"]
[Termination "wqws won on time"]

1. e4 e5 2. Nf3 Nc6 3. Bb5 a6 4.
Ba4 Bc5 5. c3 b5 6. Bb3 d6 7. d4 Bb6 8. Ng5 Nh6 9. Qh5 Qe7 10.
Bd5 Bd7 11. a4 Rb8 12. axb5 axb5 13. O-O Nd8 14. h3 c6 15. Bb3 exd4 16. Nf3 Be6 17. Bxh6 gxh6 18. Nbd2 dxc3 19. bxc3 Rg8 20. Qxh6 Rg6 21.
Qxh7 Qf6 22. Qh4 Bxb3 23. Qxf6 Rxf6 24. Nxb3 Ne6 25. Rfd1 Nf4 26. Nbd4 Rc8 27. Ra6 Bc5 28. g3 Nxh3+ 29. Kg2 Bxd4 30. cxd4 Rh6 31. Rh1 Nf4+ 32. gxf4 Rxh1 33. Kxh1 c5 34. Rxd6 c4 35. Ne1 b4 36.
Rb6 b3 37. Kg2 Ra8 38. Rb4 Ra1 39.
Rxc4 b2 40. Rb4 b1=Q 41. Rxb1 Rxb1 42. Nf3 Rb2 43. Kg3 Re2 44. e5 Ke7 45. d5 Rc2 46.
d6+ Kd7 47. Ng5 f6 48. Ne4 fxe5 49. fxe5 Re2 50. Kf4 Ke6 51. Ng5+ Kd5 52. d7 Rxf2+ 53. Nf3 1-0

[Event "Early-Titled-Tuesday-Blitz-April-23-2024"]
[Site "Chess.com"]
[Date "2024.04.23"]
[Round "5"]
[White "A4RookA3"]
[Black "FischerKasparow"]
[Result "1-0"]
[WhiteElo "2382"]
[BlackElo "2120"]
[TimeControl "180+1"]
[EndTime "8:57:48 PDT"]
[Termination "A4RookA3 won by checkmate"]

1. d4 Nf6 2. Nc3 c5 3. d5 e6 4. e4 d6 5. dxe6 Bxe6 6. Nge2 Nc6 7. Nf4 Bd7 8. Bc4 Be7 9. O-O O-O 10. Re1 Ne5 11.
Bf1 Bc6 12. f3 Rb8 13. a4 b6 14. Be3 Re8 15. Nfd5 Nxd5 16. Nxd5 Bh4 17. g3 Bf6 18. f4 Nd7 19. Bg2 Bxb2 20. Rb1 Bxd5 21. Qxd5 Bc3 22. Red1 Nf6 23. Qd3 Bb4 24. c3 Ba5 25. Bf2 Ng4 26. Be1 Nf6 27. Bf2 Ng4 28. Be1 Nf6 29. h3 h5 30. Bf2 Qe7 31. Re1 Qc7 32. Rbd1 Rbd8 33. Re2 Nh7 34. Bf3 g6 35. f5 Ng5 36. fxg6 fxg6 37. Bg2 Rf8 38. h4 Ne6 39. e5 dxe5 40. Qxg6+ Ng7 41. Bd5+ Kh8 42. Qh6# 1-0

[Event "Early-Titled-Tuesday-Blitz-April-23-2024"]
[Site "Chess.com"]
[Date "2024.04.23"]
[Round "5"]
[White "lucasmito"]
[Black "colegiodemadrid"]
[Result "1-0"]
[WhiteElo "2796"]
[BlackElo "2529"]
[TimeControl "180+1"]
[EndTime "8:57:49 PDT"]
[Termination "lucasmito won by resignation"]

1. e4 e6 2. d4 d5 3. Nc3 Nf6 4. Bg5 h6 5. Bxf6 Qxf6 6. exd5 Bb4 7.
dxe6 Bxe6 8. Nf3 O-O 9. Bd3 c5 10. O-O Bxc3 11. bxc3 Nc6 12. Be4 Rfd8 13. Bxc6 bxc6 14.
Re1 Bd5 15. Ne5 cxd4 16. cxd4 c5 17. c4 Be6 18. d5 Bf5 19. Nc6 Rd7 20. Qf3 Kh8 21.
Re5 g6 22. Rae1 Rd6 23. h3 Kg7 24. Re7 Bd7 25. Qxf6+ Kxf6 26. Na5 Bf5 27. Nb7 Ra6 28. g4 Bd3 29. Nxc5 Bxc4 30. Nxa6 Bxa6 31. Rd7 Bb5 32.
Rd6+ Kg7 33. Re7 a6 34. h4 Rc8 35. g5 hxg5 36. hxg5 Rc4 37. Rf6 Rg4+ 38. Kh2 Rxg5 39. Rfxf7+ Kg8 40. Rg7+ Kf8 41. Ref7+ Ke8 42. d6 Rh5+ 43.
Kg3 Rg5+ 44. Kf4 Rg2 45. Re7+ Kf8 46. Ke3 Bc4 47. d7 1-0

[Event "Early-Titled-Tuesday-Blitz-April-23-2024"]
[Site "Chess.com"]
[Date "2024.04.23"]
[Round "5"]
[White "ChessSwole"]
[Black "Zarinur"]
[Result "1-0"]
[WhiteElo "2711"]
[BlackElo "2508"]
[TimeControl "180+1"]
[EndTime "8:57:49 PDT"]
[Termination "ChessSwole won by resignation"]

1. e4 e5 2. Nf3 Nc6 3. Bb5 a6 4. Ba4 Nf6 5. O-O Be7 6. d3 b5 7. Bb3 d6 8. a3 O-O 9. Nc3 Be6 10. Nd5 Re8 11. h3 h6 12. Be3 Na5 13. Ba2 Bf8 14. b4 Nc6 15. c4 Bxd5 16. cxd5 Ne7 17. Rc1 Ng6 18. Qc2 Nh5 19. Qxc7 Qf6 20. Qd7 Nhf4 21. Rcd1 Ne2+ 22. Kh2 Ngf4 23. Rd2 Rec8 24. Re1 Nc1 25. d4 Nxa2 26. Rxa2 Rc3 27. a4 Rd8 28. Qf5 Qxf5 29.
exf5 Nxd5 30. axb5 axb5 31. Ra5 Nxb4 32. Rxb5 Nc2 33.
Rc1 e4 34. Ne1 Rdc8 35. Nxc2 Rxc2 36. Rxc2 Rxc2 37. Rb8 d5 38. Bf4 Rc6 39. Rd8 Ra6 40. Rxd5 Kh7 41. Rd7 Rf6 42. g4 Bb4 43. Be5 Ra6 44.
Rxf7 Kg8 45. Rxg7+ Kf8 46. f6 Ra2 47. Kg3 Be1 48. Kf4 Rxf2+ 49. Kxe4 Re2+ 50. Kf5 Rf2+ 51. Ke6 Re2 52. Rh7 Kg8 53. f7+ Kxh7 54. f8=Q Rxe5+ 55.
dxe5 1-0

[Event "Early-Titled-Tuesday-Blitz-April-23-2024"]
[Site "Chess.com"]
[Date "2024.04.23"]
[Round "5"]
[White "Mikhail_Golubev"]
[Black "DvaHrasta"]
[Result "1-0"]
[WhiteElo "2595"]
[BlackElo "2419"]
[TimeControl "180+1"]
[EndTime "8:57:49 PDT"]
[Termination "Mikhail_Golubev won on time"]

1. e4 c6 2. d4 d5 3. exd5 cxd5 4. Bd3 Nc6 5. c3 e5 6. dxe5 Nxe5 7. Bc2 Bc5 8. Qe2 Qe7 9. Bf4 Nc4 10. b3 Nd6 11.
b4 Bxf2+ 12. Kxf2 Be6 13. Qe5 O-O-O 14. Nf3 Nf6 15. h3 Nfe4+ 16. Kg1 g5 17. Bxg5 f6 18. Bh4 Rhg8 19. Qf4 Rg6 20. Rh2 Qc7 21. Bxe4 dxe4 22. Nd4 Bd7 23. Na3 Rdg8 24. c4 Bxh3 25. Rxh3 Rxg2+ 26. Kh1 R2g4 27. Qxf6 e3 28. Qe6+ Kb8 29. c5 Ne4 30. Rf1 e2 31. Nxe2 Ng5 32. Bxg5 R4xg5 33. Qd6 Qxd6 34. cxd6 Kc8 35. Nc4 h5 36. Nf4 Rf8 37. Rh2 1-0

[Event "Early-Titled-Tuesday-Blitz-April-23-2024"]
[Site "Chess.com"]
[Date "2024.04.23"]
[Round "5"]
[White "frederiksvane"]
[Black "vasblesk"]
[Result "1-0"]
[WhiteElo "3039"]
[BlackElo "2816"]
[TimeControl "180+1"]
[EndTime "8:57:50 PDT"]
[Termination "frederiksvane won by resignation"]

1. b3 e5 2. Bb2 Nc6 3. c4 Nf6 4. e3 Bd6 5. a3 a5 6. d3 O-O 7. Nd2 Qe7 8. Ngf3 b6 9. g3 Bb7 10. Bg2 h6 11. O-O Rfe8 12. Qc2 Rad8 13. Nh4 Qf8 14. Nf5 g6 15. Nxd6 Qxd6 16. Rae1 Ba8 17. f4 Nh7 18. Qc3 Qe7 19. d4 d6 20. Bd5 Rf8 21.
dxe5 dxe5 22. fxe5 Na7 23. Bxa8 Rxa8 24. Ne4 Qe6 25.
Nf6+ Kg7 26. Nxh7 Kxh7 27. Rf6 Qe7 28. Ref1 Rae8 29. Qd4 Nc8 30. Qf4 Kg8 31. e6 Kh7 32. Rxf7+ Rxf7 33. Qxf7+ Qxf7 34. exf7 Rf8 35. Be5 Nd6 36.
Bxd6 cxd6 37. Rf6 Kg7 38. Rxd6 Rxf7 39. Rxb6 Rf3 40. Re6 Kf7 41. Re5 g5 42. Kg2 g4 43.
Re4 1-0

[Event "Early-Titled-Tuesday-Blitz-April-23-2024"]
[Site "Chess.com"]
[Date "2024.04.23"]
[Round "5"]
[White "AryanTari"]
[Black "lamomiajunior"]
[Result "1-0"]
[WhiteElo "2947"]
[BlackElo "2733"]
[TimeControl "180+1"]
[EndTime "8:57:50 PDT"]
[Termination "AryanTari won by resignation"]

1. e4 c5 2. Nc3 d6 3. f4 g6 4.
Nf3 Bg7 5. Bb5+ Bd7 6. Bc4 Nc6 7. d3 e6 8. f5 Nge7 9. Bf4 d5 10. exd5 exd5 11.
Nxd5 Nxd5 12. Bxd5 Bxf5 13. Bxc6+ bxc6 14. Qe2+ Kf8 15. Be5 f6 16. Bc3 Kf7 17. O-O Re8 18. Qf2 Qd5 19. b3 Kg8 20. Rae1 Bg4 21. Nd2 f5 22. Bxg7 Kxg7 23. h3 Bh5 24. Nc4 Qd4 25. Ne3 Kh8 26. Nc4 Kg7 27. Qxd4+ cxd4 28. Kf2 c5 29. Nd6 Rxe1 30.
Rxe1 Kf6 31. Ne8+ Kf7 32. Nc7 Rc8 33. Nd5 Rd8 34. Nf4 a5 35. Re5 Bd1 36. Rxc5 g5 37. Rxf5+ Kg7 38. Ne6+ Kg6 39. Rxg5+ Kf6 40. Nxd8 Kxg5 41.
Ne6+ Kf6 42. Nxd4 Ke5 43. Ke3 1-0

[Event "Early-Titled-Tuesday-Blitz-April-23-2024"]
[Site "Chess.com"]
[Date "2024.04.23"]
[Round "5"]
[White "littlepinkyboy"]
[Black "scarabee43"]
[Result "1-0"]
[WhiteElo "2673"]
[BlackElo "2830"]
[TimeControl "180+1"]
[EndTime "8:57:50 PDT"]
[Termination "littlepinkyboy won on time"]

1. e4 c5 2. Nf3 e6 3. d4 cxd4 4.
Nxd4 Nc6 5. Nc3 Qc7 6. Be3 a6 7. Qd2 Nf6 8. f3 b5 9. O-O-O Bb7 10. g4 Nxd4 11. Bxd4 Be7 12. h4 Rc8 13. Bd3 b4 14. Ne2 e5 15. Bf2 d5 16. exd5 Nxd5 17. Bf5 Rd8 18.
Qe1 O-O 19. Kb1 Nb6 20. Rh3 Nc4 21. Bd3 a5 22. Nc1 a4 23. Bxc4 Qxc4 24. Rxd8 Bxd8 25.
Qxe5 Qf1 26. Bc5 Bf6 27. Qc7 Re8 28. Rh2 a3 29. Re2 Rf8 30. bxa3 bxa3 31. Bxa3 Bxf3 32. Re3 Ra8 33. Qf4 Qb5+ 34. Rb3 Qd7 35. Qxf3 Re8 36. Rd3 1-0

[Event "Early-Titled-Tuesday-Blitz-April-23-2024"]
[Site "Chess.com"]
[Date "2024.04.23"]
[Round "5"]
[White "King_Deded4d5"]
[Black "kiwibobo"]
[Result "0-1"]
[WhiteElo "2456"]
[BlackElo "2317"]
[TimeControl "180+1"]
[EndTime "8:57:50 PDT"]
[Termination "kiwibobo won on time"]

1. d4 Nf6 2. Nf3 g6 3. c4 Bg7 4.
Nc3 d5 5. cxd5 Nxd5 6. e4 Nxc3 7. bxc3 c5 8. Bg5 O-O 9. Rc1 Bg4 10. d5 Qd6 11. c4 Nd7 12. Be2 Ne5 13. O-O Nxf3+ 14.
Bxf3 Bxf3 15. Qxf3 Qe5 16. Bf4 Qb2 17. Rb1 Qxa2 18.
Rxb7 Qxc4 19. Rxe7 a5 20. Rc1 Qd4 21. Be3 Qb2 22. g3 a4 23. Rxc5 a3 24. Bc1 Qb4 25. Rcc7 a2 26. Rxf7 Bd4 27. Kg2 a1=Q 28. Bh6 Be5 29.
Rcd7 Qac3 30. Qg4 Rxf7 31. Rxf7 Qd3 32. Rf3 Qdxe4 33. Qe6+ Kh8 34. Qf7 Qc3 0-1

[Event "Early-Titled-Tuesday-Blitz-April-23-2024"]
[Site "Chess.com"]
[Date "2024.04.23"]
[Round "5"]
[White "Harry_Rakkel"]
[Black "GM4life"]
[Result "1-0"]
[WhiteElo "2692"]
[BlackElo "2505"]
[TimeControl "180+1"]
[EndTime "8:57:51 PDT"]
[Termination "Harry_Rakkel won on time"]

1. e4 e6 2. d3 d5 3. Nd2 Nf6 4. Ngf3 Nc6 5. a3 Be7 6. b4 O-O 7. Bb2 a6 8. Be2 b6 9. O-O Bb7 10. e5 Nd7 11. Re1 f6 12. exf6 Bxf6 13. Qb1 Qe7 14.
d4 Rae8 15. Bd3 Qf7 16. c4 Ne7 17. Bxh7+ Kh8 18. Bd3 dxc4 19. Bxc4 Nd5 20. Qe4 Qh5 21. Nf1 b5 22. Ng3 Qh6 23. Bc1 g5 24. Bd3 Nxb4 25.
axb4 Bxe4 26. Nxe4 Be7 27. Rxa6 Bxb4 28. Bxg5 Qg7 29.
Bd2 Bxd2 30. Nexd2 b4 31. Ra5 e5 32. dxe5 Qh6 33.
Rd5 Qe6 34. Rd4 c5 35. Rh4+ Kg7 36. Ng5 Qa2 37. Rh7+ Kg8 38. Bc4+ Qxc4 39. Nxc4 Nb8 40. Rc7 Na6 41. Rc6 Ra8 42. Rg6+ Kh8 43. g3 b3 44. e6 Nb4 45. Re4 1-0

[Event "Early-Titled-Tuesday-Blitz-April-23-2024"]
[Site "Chess.com"]
[Date "2024.04.23"]
[Round "5"]
[White "Kazmin_Semyon"]
[Black "Viktoker"]
[Result "1-0"]
[WhiteElo "2565"]
[BlackElo "2366"]
[TimeControl "180+1"]
[EndTime "8:57:51 PDT"]
[Termination "Kazmin_Semyon won by checkmate"]

1. e4 c6 2. d4 d5 3. exd5 cxd5 4. Bd3 Nc6 5. c3 Qc7 6. h3 e5 7. dxe5 Nxe5 8. Nf3 Nf6 9. Nxe5 Qxe5+ 10. Be3 Bd6 11. Nd2 O-O 12. Nf3 Qe7 13. O-O h6 14. Re1 Be6 15.
Nd4 Bc7 16. Nf5 Bxf5 17. Bxf5 Qe5 18. Qf3 Qh2+ 19. Kf1 Rfe8 20. g3 Re5 21. Ke2 Bb6 22. Rh1 Rxe3+ 23. Qxe3 Qxh1 24. Rxh1 Bxe3 25. Kxe3 Re8+ 26.
Kf3 Re5 27. Bc2 Nd7 28. Rd1 Nb6 29. b3 Kf8 30. a4 a5 31. Rd2 Ke7 32. Bd3 Ke6 33.
g4 Nd7 34. Bf5+ Ke7 35. Kg2 Nc5 36. f4 Re3 37. b4 Nb3 38. Rxd5 Rxc3 39. Rd7+ Kf6 40.
Rxb7 g6 41. Be4 Nd2 42. Bd5 g5 43. Rxf7+ Kg6 44. f5# 1-0

[Event "Early-Titled-Tuesday-Blitz-April-23-2024"]
[Site "Chess.com"]
[Date "2024.04.23"]
[Round "5"]
[White "Nechitaylo_Nikita"]
[Black "manitodeplomo"]
[Result "1-0"]
[WhiteElo "2351"]
[BlackElo "2625"]
[TimeControl "180+1"]
[EndTime "8:57:52 PDT"]
[Termination "Nechitaylo_Nikita won by resignation"]

1. d4 g6 2. c4 Bg7 3. e4 d6 4. Be3 Nf6 5. f3 O-O 6. Nc3 c5 7. dxc5 dxc5 8. Qxd8 Rxd8 9. Bxc5 Nc6 10. Ba3 b6 11.
Rd1 Bb7 12. Nd5 e6 13. Ne7+ Nxe7 14. Bxe7 Rxd1+ 15. Kxd1 Re8 16. Bb4 Rd8+ 17. Kc2 Nd7 18. Bc3 Ne5 19. Nh3 f5 20. Ng5 Re8 21. exf5 gxf5 22. Be2 Bf6 23. f4 Nd7 24. Bh5 Re7 25.
Re1 Bxg5 26. fxg5 Bxg2 27. Bf6 Rf7 28. Rxe6 Nxf6 29. Bxf7+ Kxf7 30. Rxf6+ Kg7 31. Rd6 f4 32. Kd2 Be4 33. Rd4 Bf5 34. Rxf4 Be6 35. b3 a6 36. Rf6 Bf7 37. Rxb6 h6 38. gxh6+ Kh7 39. Rxa6 Bg6 40. Rxg6 Kxg6 41. a4 Kh7 42. a5 Kxh6 43. a6 1-0

[Event "Early-Titled-Tuesday-Blitz-April-23-2024"]
[Site "Chess.com"]
[Date "2024.04.23"]
[Round "5"]
[White "Zampronha1971"]
[Black "zurzan"]
[Result "1-0"]
[WhiteElo "2447"]
[BlackElo "2122"]
[TimeControl "180+1"]
[EndTime "8:57:52 PDT"]
[Termination "Zampronha1971 won by checkmate"]

1. e4 c5 2. Nf3 g6 3. d4 cxd4 4.
Nxd4 Nf6 5. Nc3 Nc6 6. Be3 Bg7 7. Bc4 O-O 8. Bb3 a6 9. O-O d6 10. h3 Nxd4 11. Bxd4 b5 12. Qd3 Bb7 13. a4 b4 14. Nd5 a5 15. Nxf6+ exf6 16. Rfe1 Re8 17. Rad1 Qe7 18. f3 Ba6 19. Qd2 Qc7 20. Qf4 Bc4 21.
Bxf6 Bxb3 22. Bxg7 Bxc2 23. Bh6 f5 24. Rxd6 Qc5+ 25.
Kh1 Ra7 26. Rc1 fxe4 27. fxe4 Rf7 28. Qd2 b3 29. Rd8 Qe7 30. Rxe8+ Qxe8 31. Re1 Re7 32. Qxa5 Rxe4 33. Rxe4 Bxe4 34. Qc3 Qd7 35. Qf6 Qd1+ 36. Kh2 Qd7 37. Bf4 Bf5 38. Be5 Qf7 39. Qh8# 1-0